 Dungeon Crawl Stone Soup version 0.21.1-1-g345015f (webtiles) character file.

25736 diana the Fencer (level 12, -11/117 HPs)
             Began as a Minotaur Fighter on June 16, 2018.
             Was a High Priest of Ru.
             Mangled by Donald
             ... wielding a +4 war axe of chopping
              (37 damage)
             ... on level 1 of the Orcish Mines.
             The game lasted 00:30:47 (17620 turns).

diana the Fencer (Minotaur Fighter)                Turns: 17620, Time: 00:30:48

Health: -11/117    AC: 17    Str: 25    XL:     12   Next: 92%
Magic:  11/11      EV: 13    Int:  5    God:    Ru [*****.]
Gold:   1362       SH:  2    Dex: 11    Spells: 11/11 levels left

rFire    x . .     SeeInvis .   E - +4 great sword (freeze)
rCold    x . .     Gourm    .   (shield currently unavailable)
rNeg     . . .     Faith    .   b - +0 scale mail
rPois    .         Spirit   .   (helmet restricted)
rElec    .         Reflect  +   (no cloak)
rCorr    .         Harm     .   (no gloves)
MR       .....                  (no boots)
Stlth    ..........             l - +2 amulet of reflection
HPRegen  0.29/turn              R - +4 ring of protection
MPRegen  0.12/turn              H - +5 ring of protection

@: exhausted, drained
A: retaliatory headbutt, horns 2, no stealth, hated by all, no fire magic, no
hexes magic, no translocations magic, disrupted magic 1, temperature sensitive
a: Draw Out Power, Power Leap, Apocalypse, Renounce Religion


You were on level 1 of the Orcish Mines.
You worshipped Ru.
Ru was extremely pleased with you.
You were not hungry.

You visited 4 branches of the dungeon, and saw 17 of its levels.
You also visited: Ice Cave.

You collected 1758 gold pieces.
You spent 396 gold pieces at shops.

Inventory:

Hand Weapons
 o - a +4 falchion
 E - a +4 great sword of freezing (weapon)
 Y - a +3 falchion of freezing
Armour
 b - a +0 scale mail (worn)
 c - a +0 shield
 w - a +0 plate armour
Jewellery
 h - an uncursed ring of resist corrosion
 l - a +2 amulet of reflection (around neck)
 z - an uncursed ring of protection from fire
 A - an uncursed ring of protection from magic
 H - a +5 ring of protection (right hand)
 R - a +4 ring of protection (left hand)
 W - an uncursed amulet of the gourmand {unknown}
 X - an uncursed amulet of faith {unknown}
Wands
 J - a wand of clouds (1)
 M - a wand of polymorph (19)
 Q - a wand of acid (14)
 V - a wand of digging (13)
 Z - a wand of paralysis (13)
Scrolls
 i - 3 scrolls of blinking
 k - 2 scrolls of teleportation
 n - 6 scrolls of fog {unknown}
 p - a scroll of summoning {unknown}
 q - 6 scrolls of remove curse
 u - 3 scrolls of amnesia {unknown}
 v - 3 scrolls of immolation {unknown}
 C - 2 scrolls of random uselessness {unknown}
 F - a scroll of acquirement {unknown}
 G - 2 scrolls of vulnerability {unknown}
 P - 2 scrolls of magic mapping {unknown}
 S - a scroll of enchant armour {unknown}
 U - a scroll of fear {unknown}
Potions
 d - 4 potions of might
 e - 2 potions of degeneration
 g - 2 potions of cancellation {unknown}
 j - 3 potions of lignification {unknown}
 m - 3 potions of heal wounds {unknown}
 r - 3 potions of curing {unknown}
 s - 2 potions of brilliance {unknown}
 t - 3 potions of flight {unknown}
 x - a potion of agility {unknown}
 B - a potion of haste {unknown}
 D - 2 potions of invisibility {unknown}
 K - 4 potions of ambrosia
 L - a potion of resistance {unknown}
 N - a potion of berserk rage {unknown}
Books
 a - a book of Beasts

   Spells                             Type                      Level
   a - Summon Butterflies             Summoning                    1
   b - Call Canine Familiar           Summoning                    3
   c - Summon Ice Beast               Ice/Summoning                4
   d - Summon Mana Viper              Hexes/Summoning              5
   e - Summon Hydra                   Summoning                    7
Comestibles
 f - 18 rations


   Skills:
 + Level 14.2(13.8) Fighting
 - Level 16.4(15.9) Long Blades
 + Level 8.5(8.1) Armour
 + Level 6.9(6.5) Dodging
   Level 0.0 Stealth
 + Level 8.6(8.2) Shields


You had 11 spell levels left.
You didn't know any spells.

Dungeon Overview and Level Annotations

Branches:
Dungeon (13/15)            Temple (1/1) D:4            Lair (1/6) D:8
    Orc (2/2) D:9             Elf (0/3) Orc:2
 Vaults: D:13-14

Altars:
Ashenzari
Cheibriados
Dithmenos
Elyvilon
Fedhas
Gozag
Hepliaklqana
Kikubaaqudgha
Makhleb
Nemelex Xobeh
Okawaru
Qazlal
Ru
Sif Muna
Trog
Uskayaw
Vehumet
Wu Jian
Xom
Yredelemnul
Zin
The Shining One

Shops:
D:5 =   D:6 }   D:7 *   D:11 }

Annotations:
Orc:1 Donald


Innate Abilities, Weirdness & Mutations

You reflexively headbutt those who attack you in melee.
You have a pair of horns on your head.
You cannot be stealthy.
You are hated by all.
You cannot study or cast Fire magic.
You cannot study or cast Hexes magic.
You cannot study or cast Translocations magic.
Your casting is slightly disrupted.
You are sensitive to extremes of temperature. (rF-, rC-)


Message History

Donald is heavily wounded.
Donald is no longer moving slowly.
Donald hits you with a war axe of chopping!!
* * * LOW HITPOINT WARNING * * *
x2
Okay, then.
You are restored by drawing out deep reserves of power within.
You feel drained. You block Donald's attack. Donald blocks your attack.
Donald is heavily wounded.
Donald hits you with a war axe of chopping!
You hit Donald but do no damage.
Donald is heavily wounded.
Donald says, "The great annihilating truth is that I hate you."
Donald hits you with a war axe of chopping!!
* * * LOW HITPOINT WARNING * * *
x2 You focus your will and illuminate Donald in retribution!
You slice Donald!! You freeze Donald! You headbutt Donald, but do no damage.
Donald is almost dead.
Donald hits you with a war axe of chopping!!!
You die...

### ### ##.# ##.## ##..#
#...# ### ##...######...#
##.##
#.....#.#.....#####....
#...........#..##...#..
####..##.......##......#..
#.....###@....####....###.
##.#..##.@.....##......##.
###.........[[#..#....)..
##....###.[....##......
###.#.###.#..#####....
##### ####.# #...# ###
#####


You could see Donald.

Vanquished Creatures
  A catoblepas (Lair:1)
  2 two-headed ogres (D:12)
  An orc high priest (Orc:2)
  A wizard (D:12)
  An unseen horror (D:11)
  6 orc knights
  An orc sorcerer (Orc:1)
  An ugly thing (IceCv)
  3 torpor snails (Lair:1)
  3 spiny frogs (Lair:1)
  A komodo dragon (Lair:1)
  3 trolls
  2 meliai (D:12)
  4 slime creatures (D:12)
  5 blink frogs (Lair:1)
  Prince Ribbit (D:7)
  4 hippogriffs
  Sigmund (D:3)
  9 yaks
  7 small abominations (D:12)
  A basilisk (D:11)
  A hungry ghost (D:12)
  Menkaure (D:6)
  4 wargs
  An acid dragon (D:11)
  A water moccasin (Lair:1)
  5 large abominations (D:12)
  2 porcupines (Lair:1)
  A sky beast (D:10)
  25 orc warriors
  A black bear (D:6)
  14 ice beasts
  A necrophage (D:11)
  9 ogres
  2 centaurs (D:6)
  4 crocodiles
  A big kobold (D:7)
  2 wyvern zombies
  2 bullfrogs (D:12)
  5 scorpions
  A killer bee (D:12)
  7 wights
  3 howler monkeys (D:7)
  An electric eel (D:10)
  9 crimson imps
  A centaur skeleton (D:10)
  2 quasits
  A bullfrog zombie (D:7)
  A centaur zombie (D:7)
  11 hounds
  A bullfrog skeleton (D:11)
  31 orc priests
  5 jellies
  Jessica (D:2)
  5 iguanas
  24 orc wizards
  9 worker ants
  A hound skeleton (D:6)
  Robin (D:3)
  A worker ant zombie (D:6)
  5 gnolls
  15 adders
  A shadow imp (D:11)
  An ooze (D:3)
  3 adder skeletons
  An adder zombie (D:7)
  4 worms
  3 dart slugs
  6 leopard geckos
  70 orcs
  3 ball pythons
  5 bats
  2 giant cockroaches
  10 goblins
  11 hobgoblins
  22 jackals
  4 quokkas
  6 frilled lizards
  A jackal skeleton (D:5)
  7 kobolds
  A quokka skeleton (D:7)
  7 rats
444 creatures vanquished.

Vanquished Creatures (others)
  A slime creature (D:12)
  An orc warrior (Orc:2)
  An orc (D:5)
  A giant cockroach (D:3)
  A hobgoblin (D:7)
5 creatures vanquished.

Grand Total: 449 creatures vanquished

Notes
Turn   | Place    | Note
-------+----------+-------------------------------------------
     0 | D:1      | diana the Minotaur Fighter began the quest for the Orb.
     0 | D:1      | Reached XP level 1. HP: 19/19 MP: 0/0
   238 | D:1      | Reached skill level 3 in Long Blades
   252 | D:1      | Reached XP level 2. HP: 26/27 MP: 1/1
   706 | D:2      | Found a shattered altar of Ashenzari.
   795 | D:2      | Reached XP level 3. HP: 32/33 MP: 2/2
   896 | D:2      | Reached skill level 4 in Long Blades
   997 | D:2      | Noticed Jessica
  1012 | D:2      | Killed Jessica
  1012 | D:2      | Reached XP level 4. HP: 6/41 MP: 3/3
  1307 | D:2      | Found a glowing golden altar of the Shining One.
  1405 | D:3      | Reached skill level 5 in Long Blades
  1468 | D:3      | Found a radiant altar of Vehumet.
  1473 | D:3      | Noticed Robin
  1481 | D:3      | Killed Robin
  1481 | D:3      | Reached XP level 5. HP: 35/47 MP: 4/4
  1524 | D:3      | Reached skill level 5 in Fighting
  1712 | D:3      | Noticed Sigmund
  1717 | D:3      | Killed Sigmund
  1717 | D:3      | Reached skill level 6 in Long Blades
  1717 | D:3      | Reached XP level 6. HP: 40/57 MP: 5/5
  1722 | D:3      | Reached skill level 7 in Long Blades
  2546 | D:4      | Reached XP level 7. HP: 57/63 MP: 6/6
  2593 | D:4      | Reached skill level 8 in Long Blades
  2968 | D:4      | Reached skill level 9 in Long Blades
  3271 | D:4      | Found a staircase to the Ecumenical Temple.
  3406 | Temple   | Entered the Ecumenical Temple
  3472 | Temple   | Became a worshipper of Ru the Awakened
  3553 | D:5      | Entered Level 5 of the Dungeon
  3597 | D:5      | Reached XP level 8. HP: 73/73 MP: 7/7
  3665 | D:5      | Found Hoerofab's Jewellery Shoppe.
  3726 | D:5      | Found a shimmering altar of Xom.
  4023 | D:6      | Noticed Menkaure
  4030 | D:6      | Killed Menkaure
  4034 | D:6      | Reached skill level 10 in Long Blades
  4350 | D:6      | Reached skill level 11 in Long Blades
  4753 | D:6      | Gained mutation: You are hated by all. [Ru sacrifice]
  4753 | D:6      | Reached * piety under Ru
  5015 | D:6      | Reached XP level 9. HP: 82/82 MP: 8/8
  5305 | D:6      | Found Ekhal's Gadget Emporium.
  5782 | D:7      | Found a bloodstained altar of Trog.
  6016 | D:7      | Found an ornate altar of the Wu Jian Council.
  6037 | D:7      | Reached skill level 12 in Long Blades
  6162 | D:7      | Found Sefetuiw's Assorted Antiques.
  6164 | D:7      | Noticed Prince Ribbit
  6179 | D:7      | Killed Prince Ribbit
  6217 | D:7      | Found an iron altar of Okawaru.
  6295 | D:7      | Found an ancient bone altar of Kikubaaqudgha.
  6735 | D:7      | Gained mutation: You cannot study or cast Fire magic. [Ru sacrifice]
  6735 | D:7      | Gained mutation: You cannot study or cast Hexes magic. [Ru sacrifice]
  6735 | D:7      | Gained mutation: You cannot study or cast Translocations magic. [Ru sacrifice]
  6735 | D:7      | Reached ** piety under Ru
  6906 | D:8      | Reached skill level 10 in Fighting
  7014 | D:8      | Reached skill level 13 in Long Blades
  7398 | D:8      | Found a stormy altar of Qazlal.
  7415 | D:8      | Found a staircase to the Lair.
  8565 | D:5      | Bought a +4 ring of protection for 396 gold pieces
  8655 | D:9      | Found a blossoming altar of Fedhas.
  8824 | D:9      | Reached XP level 10. HP: 83/94 MP: 9/9
  8868 | D:9      | Found a staircase to the Orcish Mines.
  9169 | D:10     | Entered Level 10 of the Dungeon
  9461 | D:10     | Gained mutation: You are sensitive to extremes of temperature. (rF-, rC-) [Ru sacrifice]
  9461 | D:10     | Reached *** piety under Ru
  9461 | D:10     | Reached **** piety under Ru
  9461 | D:10     | Reached ***** piety under Ru
  9597 | D:10     | Reached skill level 14 in Long Blades
  9991 | D:11     | Noticed an unseen horror
 10023 | D:11     | Killed an unseen horror
 10068 | D:11     | Found a frozen archway.
 10167 | D:11     | Reached skill level 15 in Long Blades
 10194 | IceCv    | Entered an ice cave
 10194 | IceCv    | Noticed a white ugly thing
 10196 | IceCv    | Found a transporter.
 10202 | IceCv    | Killed a white ugly thing
 10492 | D:11     | Reached XP level 11. HP: 57/104 MP: 10/10
 10770 | D:11     | Found Pasecem's Gadget Shop.
 11092 | D:12     | Reached skill level 16 in Long Blades
 11142 | D:12     | Noticed a two-headed ogre
 11148 | D:12     | Killed a two-headed ogre
 11148 | D:12     | Reached skill level 1 in Stealth
 11157 | D:12     | Noticed a two-headed ogre
 11172 | D:12     | Killed a two-headed ogre
 11439 | D:12     | Gained mutation: You cannot be stealthy. [Ru sacrifice]
 11720 | D:12     | Noticed a wizard
 11730 | D:12     | Killed a wizard
 11730 | D:12     | Reached skill level 1 in Dodging
 11829 | D:12     | Reached skill level 5 in Shields
 11836 | D:12     | Reached skill level 5 in Armour
 12341 | Lair:1   | Entered Level 1 of the Lair of Beasts
 12341 | Lair:1   | Noticed a seven-headed hydra
 12342 | Lair:1   | Noticed a catoblepas
 12342 | Lair:1   | a seven-headed hydra changed into a catoblepas
 12360 | Lair:1   | Killed a catoblepas
 12841 | Lair:1   | Reached XP level 12. HP: 101/115 MP: 11/11
 13601 | Lair:1   | Reached skill level 5 in Dodging
 13739 | Lair:1   | Found a snail-covered altar of Cheibriados.
 14191 | Orc:1    | Entered Level 1 of the Orcish Mines
 14626 | Orc:2    | Entered Level 2 of the Orcish Mines
 14626 | Orc:2    | Found a staircase to the Elven Halls.
 14810 | Orc:2    | Found a deep blue altar of Sif Muna.
 16514 | Orc:1    | Gained mutation: Your casting is slightly disrupted. [Ru sacrifice]
 16844 | Orc:1    | Paralysed by an orc sorcerer for 7 turns
 17179 | Orc:2    | Noticed an orc high priest
 17183 | Orc:2    | Killed an orc high priest
 17590 | Orc:2    | Noticed Donald
 17620 | Orc:1    | Mangled by Donald

Skill      XL: |  1  2  3  4  5  6  7  8  9 10 11 12 |
---------------+-------------------------------------+-----
Long Blades    | 3 4 5 6 7 9 11 13 15 16 | 16.4
Fighting       | 4 5 6 7 8 10 12 13 14 | 14.2
Stealth        | 0 |  0.0
Armour         | 5 8 |  8.5
Dodging        | 4 6 |  6.9
Shields        | 5 8 |  8.6

Action                   |  1- 3 |  4- 6 |  7- 9 | 10-12 || total
-------------------------+-------+-------+-------+-------++-------
Melee: Long sword        |    83 |    43 |       |       ||   126
       Headbutt          |    15 |    24 |    69 |   178 ||   286
       Falchion          |       |    85 |   376 |   493 ||   954
       Great sword       |       |       |       |   208 ||   208
Throw: Throwing net      |       |       |       |     1 ||     1
Invok: Sacrifice Love    |       |       |     1 |       ||     1
       Sacrifice Arcana  |       |       |     1 |       ||     1
       Apocalypse        |       |       |       |     2 ||     2
       Sacrifice Resista |       |       |       |     1 ||     1
       Sacrifice Stealth |       |       |       |     1 ||     1
       Draw Out Power    |       |       |       |     1 ||     1
       Sacrifice Essence |       |       |       |     1 ||     1
Evoke: Wand              |       |       |       |     1 ||     1
  Use: Scroll            |       |     3 |     5 |     3 ||    11
       Potion            |       |     1 |       |       ||     1
 Stab: Paralysed         |       |       |       |    10 ||    10
       Invisible         |       |       |       |     9 ||     9
       Distracted        |       |       |       |     2 ||     2
       Held in net/web   |       |       |       |     3 ||     3
  Eat: Chunk             |       |     5 |    13 |    10 ||    28
       Ration            |       |       |     2 |     6 ||     8
Armor: Scale mail        |    30 |    44 |    81 |   175 ||   330
Dodge: Dodged            |    28 |    37 |    63 |   159 ||   287
Block: Shield            |    46 |    81 |   175 |   137 ||   439
       Reflection        |       |     1 |    15 |     2 ||    18
       Other             |       |       |       |     9 ||     9
       Rpst.: Long sword |     7 |     3 |       |       ||    10
       Falchion          |       |     3 |    13 |    18 ||    34
       Great sword       |       |       |       |    22 ||    22
